cohdb
Replays
Latest Replays
All Replays
Popular Replays
Top Player Replays
Match Explorer
How It Works
Community
CoH3 Stats
Reddit
Sign in to upload your games and track your stats! →
Sign in with Steam
Match 45377687
Unlisted
Match 45377687
Overview
Messages
Build Orders
End
Construct Weapon Support Center
Engineer Squad
Bazooka Squad
Sniper
Construct Medical Station
Bazooka Squad
Improved M9 Bazooka Rockets
M1919 Machine Gun Team
M1919 Machine Gun Team
.30 cal Machine Gun
Infantry Support Center
M1919 Machine Gun Team
Scout Squad
Selects Advanced Infantry Battlegroup
Selects Ammunition Storage
Selects M2A1 105mm Howitzer Emplacement
Engineer Squad
Bazooka Squad
Advanced Logistics
Survival Training
Selects Free Fire Drills
Selects Convert to Ranger Squad
.30 cal Machine Gun
.30 cal Machine Gun
Selects Frontline Medical Station
Selects Infantry Assault
Infantry Assault
Munitions Surplus
Demolitions Package
Brick_man
jacklean
T.noob
FriedJared
快速魔头号
LayOut
0
0
Comments
sign in to comment!
No comments posted yet!